 Dungeon Sprint DCSS version 0.20-a0-876-g2c7b0bf (webtiles) character file.

111 esc the Ruffian (level 4, -2/50 HPs)
             Began as a Troll Berserker on Mar 15, 2017.
             Was a Believer of Trog.
             Splashed by an oklob sapling wizard's acid (12 damage)
             ... in the Dungeon (Sprint IV: "Fedhas' Mad Dash").
             The game lasted 00:00:51 (438 turns).

esc the Ruffian (Troll Berserker)                    Turns: 438, Time: 00:00:51

Health: -2/50      AC:  1    Str: 25    XL:     4   Next: 62%
Magic:  1/3        EV: 11    Int:  3    God:    Trog [**....]
Gold:   48         SH:  0    Dex: 10    Spells: 3/3 levels left

rFire    . . .     SeeInvis .     - Unarmed
rCold    . . .     Gourm    +   a - +0 animal skin
rNeg     . . .     Faith    .   (no shield)
rPois    .         Spirit   .   (helmet restricted)
rElec    .         Reflect  .   (no cloak)
rCorr    .         Harm     .   (gloves unavailable)
MR       .....     NoTele   +   (boots unavailable)
Stlth    +.........             k - amulet of invisibility {+Inv}
Regen    0.6/turn               (no ring)
MPRegen  0.1/turn               (no ring)

@: corroded, very slightly contaminated, invisible (expiring)
A: unfitting armour, claws 3, fast metabolism 3, gourmand, regeneration 1,
shaggy fur 1, tough skin 2
a: Berserk, Trog's Hand, Burn Spellbooks, Renounce Religion, Turn Visible


You were in the Dungeon.
You worshipped Trog.
Trog was pleased with you.
You were not hungry.

You visited 1 branch You collected 48 gold pieces.

Inventory:

Armour
 a - a +0 animal skin (worn)
Jewellery
 k - the amulet of invisibility (around neck) {+Inv}
   (You found it in the Dungeon)

   [amulet of nothing]

   It lets you turn invisible.
Scrolls
 h - a scroll of blinking {!r}
 i - a scroll of remove curse {unknown}
Potions
 c - a potion of curing
 d - a potion of heal wounds
 e - a potion of haste
 f - 2 potions of magic
 g - a potion of berserk rage {!q}
Comestibles
 b - 2 bread rations {@e1}


   Skills:
 + Level 5.1 Fighting
 + Level 5.0 Dodging
 + Level 6.0 Unarmed Combat


You had 3 spell levels left.
You didn't know any spells.

Dungeon Overview and Level Annotations

Branches:
Dungeon (1/1)

Altars:
Cheibriados
Dithmenos
Elyvilon
Gozag
Hepliaklqana
Kikubaaqudgha
Makhleb
Nemelex Xobeh
Okawaru
Qazlal
Ru
Sif Muna
Trog
Uskayaw
Vehumet
Wu Jian
Xom
Yredelemnul
Zin
The Shining One
Beogh
Jiyva
Lugonu

Annotations:
D exclusion: oklob sapling


Innate Abilities, Weirdness & Mutations

You are too large for most types of armour.
You have claws for hands.
Your metabolism is lightning-fast.
You like to eat raw meat.
Your natural rate of healing is unusually fast.
You are covered in fur. (AC +1)
You have very tough skin. (AC +2)


Message History

You scratch the oklob sapling but do no damage.
The oklob sapling spits acid at you. The splash of acid misses you.
You scratch the oklob sapling but do no damage.
You claw the oklob sapling. The oklob sapling spits acid at you.
The splash of acid misses you.
You scratch the oklob sapling but do no damage.
You claw the oklob sapling.
You destroy the oklob sapling!
Trog accepts your kill.
Your Fighting skill increases to level 4!
Your Dodging skill increases to level 4!
Your Unarmed Combat skill increases to level 5!
You now have 17 gold pieces.
You now have 24 gold pieces (gained 7).
You flicker for a moment.
You now have 34 gold pieces (gained 10).
You now have 48 gold pieces (gained 14).
You start resting.
You flicker back into view.
You start resting.
Health restored: 40; MP restored: 2 You start waiting.
Your magical contamination has completely faded away.
You fade into invisibility!
You are very lightly contaminated with residual magic.
You feel somewhat less full.
You now have 0/2 mp.
Unknown command.
You open the door.
Found nine altars.
An oklob sapling priest comes into view.
Found four altars.
There is an open door here.
Found three altars.
Found two altars.
Found three altars.
There is an opulent altar of Gozag here.
Found a corrupted altar of Lugonu and a radiant altar of Vehumet.
There is a hazy altar of Hepliaklqana here.
You flicker for a moment.
You scratch the oklob sapling priest. You scratch the oklob sapling priest.
You claw the oklob sapling priest!
You strike the helpless oklob sapling priest from behind!
You scratch the oklob sapling priest.
You destroy the oklob sapling priest!
Trog accepts your kill.
Your Fighting skill increases to level 5!
Your Dodging skill increases to level 5!
Your Unarmed Combat skill increases to level 6!
You have reached level 4!
Health restored: 50
There is an iron altar of Okawaru here.
You flicker back into view.
There is a stormy altar of Qazlal here.
You start resting.
MP restored: 3 You start waiting.
Done waiting.
You start waiting.
Your magical contamination has completely faded away.
You open the door.
An oklob sapling wizard comes into view.
The oklob sapling wizard spits acid at you.
The splash of acid hits you!
You are splashed with acid!
The acid burns!
You take 24 damage, and have 26/50 hp.
MASSIVE DAMAGE!!
You close the door.
You start resting.
Health restored: 50 You fade into invisibility!
You are very lightly contaminated with residual magic.
You feel quite a bit more hungry.
You now have 1/3 mp.
As you open the door, it creaks loudly!
There is an open door here.
You scratch the oklob sapling wizard but do no damage.
You scratch the oklob sapling wizard but do no damage.
The oklob sapling wizard stares at you and mumbles some strange words.
The magic dart hits you!
You take 3 damage, and have 47/50 hp.
You scratch the oklob sapling wizard. You scratch the oklob sapling wizard.
The oklob sapling wizard spits acid at you.
The splash of acid hits you! The acid corrodes you!
You are splashed with acid!
The acid burns!
You take 22 damage, and have 26/50 hp.
MASSIVE DAMAGE!!
You scratch the oklob sapling wizard but do no damage.
The oklob sapling wizard spits acid at you.
The splash of acid misses you.
You scratch the oklob sapling wizard.
You flicker for a moment.
The oklob sapling wizard spits acid at you.
The splash of acid hits you!
* * * LOW HITPOINT WARNING * * *
You are splashed with acid!
The acid burns!
You die...

###################
.#.⌠._._._._.⌠.#.[+
.'.._._._._._..'@P#
.#..._._._._...#..#
##.._._._._._..#.!#
#._._._._._.⌠.####
###############


You could see an oklob sapling wizard.

Vanquished Creatures
  2 oklob saplings (D)
  A worker ant (D)
  A river rat (D)
  A rat (D)
5 creatures vanquished.

Notes
Turn   | Place    | Note
-------+----------+-------------------------------------------
     0 | D        | esc the Troll Berserker began the quest for the Orb.
     0 | D        | Reached XP level 1. HP: 22/22 MP: 0/0
    12 | D        | Reached skill level 3 in Fighting
    12 | D        | Reached skill level 3 in Dodging
    12 | D        | Reached XP level 2. HP: 16/31 MP: 1/1
    47 | D        | Noticed an oklob sapling
    57 | D        | Reached ** piety under Trog
    57 | D        | Reached skill level 4 in Unarmed Combat
    57 | D        | Reached XP level 3. HP: 22/39 MP: 2/2
   107 | D        | Killed an oklob sapling
   107 | D        | Reached skill level 4 in Fighting
   107 | D        | Reached skill level 4 in Dodging
   107 | D        | Reached skill level 5 in Unarmed Combat
   245 | D        | Found an opulent altar of Gozag.
   245 | D        | Found a hazy altar of Hepliaklqana.
   245 | D        | Found a burning altar of Makhleb.
   245 | D        | Found a sparkling altar of Nemelex Xobeh.
   245 | D        | Found a sacrificial altar of Ru.
   245 | D        | Found a deep blue altar of Sif Muna.
   245 | D        | Found an ornate altar of the Wu Jian Council.
   245 | D        | Found a shimmering altar of Xom.
   245 | D        | Found a basalt altar of Yredelemnul.
   246 | D        | Found a viscous altar of Jiyva.
   246 | D        | Found a roughly hewn altar of Beogh.
   246 | D        | Found a snail-covered altar of Cheibriados.
   246 | D        | Found a bloodstained altar of Trog.
   246 | D        | Noticed an oklob sapling priest
   247 | D        | Found an iron altar of Okawaru.
   247 | D        | Found a shadowy altar of Dithmenos.
   247 | D        | Found a glowing silver altar of Zin.
   248 | D        | Found an ancient bone altar of Kikubaaqudgha.
   248 | D        | Found a hide-covered altar of Uskayaw.
   249 | D        | Found a stormy altar of Qazlal.
   249 | D        | Found a white marble altar of Elyvilon.
   249 | D        | Found a glowing golden altar of the Shining One.
   250 | D        | Found a corrupted altar of Lugonu.
   250 | D        | Found a radiant altar of Vehumet.
   256 | D        | Killed an oklob sapling priest
   256 | D        | Reached skill level 5 in Fighting
   256 | D        | Reached skill level 5 in Dodging
   256 | D        | Reached skill level 6 in Unarmed Combat
   256 | D        | Reached XP level 4. HP: 50/50 MP: 0/3
   438 | D        | HP: 10/50 [oklob sapling wizard/splash of acid (17)]
   438 | D        | Splashed by an oklob sapling wizard's acid

Vault maps used:
D:        dungeon_sprint_fedhas

Skill      XL: |  1  2  3 |
---------------+----------+-----
Fighting       | 3 5 |  5.1
Dodging        | 3 5 |  5.0
Unarmed Combat | 4 6 |  6.0

Action                   |  1- 3 |  4- 6 || total
-------------------------+-------+-------++-------
Melee: Unarmed           |    22 |     6 ||    28
       Punch             |     2 |       ||     2
 Abil: Evoke Invisibilit |     2 |     1 ||     3
 Stab: Invisible         |     1 |       ||     1
  Eat: Chunk             |     4 |       ||     4
Armor: Animal skin       |     1 |       ||     1
Dodge: Dodged            |    11 |     1 ||    12

Vault maps used:
D:        dungeon_sprint_fedhas

Table legend:
 A = Turns spent in this place as a percentage of turns spent in the entire game.
 B = Non-inter-level travel turns spent in this place as a percentage of non-inter-level travel turns spent in the entire game.
 C = Inter-level travel turns spent in this place as a percentage of turns spent in this place.
 D = Turns resting spent in this place as a percentage of non-inter-level travel turns spent in this place.
 E = Turns spent auto-exploring this place as a percentage of non-inter-level travel turns spent in this place.
 F = Non-inter-level travel turns spent in this place divided by the number of levels of this place that you've seen.
                   A       B       C       D       E      F
               +-------+-------+-------+-------+-------+----------------------
         Total | 100.0 | 100.0 |   0.0 |  15.5 |   0.0 |  97.0
       Dungeon | 100.0 | 100.0 |   0.0 |  15.5 |   0.0 |  97.0
               +-------+-------+-------+-------+-------+----------------------

Table legend:
 A = Kills in this place as a percentage of kills in entire the game.
 B = Kills by you in this place as a percentage of kills by you in the entire game.
 C = Kills by friends in this place as a percentage of kills by friends in the entire game.
 D = Other kills in this place as a percentage of other kills in the entire game.
 E = Experience gained in this place as a percentage of experience gained in the entire game.
 F = Experience gained in this place divided by the number of levels of this place that you have seen.
                   A       B       C       D       E      F
               +-------+-------+-------+-------+-------+----------------------
         Total | 100.0 | 100.0 |  -nan |  -nan | 100.0 | 159.0
       Dungeon | 100.0 | 100.0 |  -nan |  -nan | 100.0 | 159.0
               +-------+-------+-------+-------+-------+----------------------
